 Dungeon Crawl Stone Soup version 0.31-a0-1300-gb6740aa4e6 (webtiles) character file.

Game seed: 16098959986713212702

11 night the Slasher (level 2, 0/24 HPs)
             Began as a Demigod Gladiator on Dec 18, 2023.
             Frozen to death by an endoplasm (5 damage)
             ... on level 1 of the Dungeon.
             The game lasted 00:01:07 (197 turns).

night the Slasher (Demigod Gladiator)                Turns: 197, Time: 00:01:08

Health: 0/24       AC:  4    Str: 15    XL:     2   Next: 3%
Magic:  4/4        EV: 12    Int: 10    God:
Gold:   8          SH:  0    Dex: 15    Spells: 1/1 levels left

rFire   . . .        a - +0 long sword
rCold   . . .        (no shield)
rNeg    . . .        b - +0 leather armour
rPois   .            c - +0 helmet
rElec   .            (no cloak)
rCorr   .            (no gloves)
SInv    .            (no boots)
Will    .....        (no amulet)
Stlth   +            (no ring)
HPRegen 0.24/turn    (no ring)
MPRegen 0.09/turn

%: no passive effects
@: no status effects
A: high MP 1, forlorn, divine attributes
a: no special abilities


You were on level 1 of the Dungeon.
You visited 1 branch of the dungeon, and saw 1 of its levels.

You collected 8 gold pieces.

Inventory:

Hand Weapons
 a - a +0 long sword (weapon)
Missiles
 d - 3 throwing nets (quivered)
 e - a javelin
 g - 20 stones
Armour
 b - a +0 leather armour (worn)
 c - a +0 helmet (worn)
Scrolls
 i - a scroll of teleportation {unknown}
Potions
 f - a potion of brilliance {unknown}
 h - a potion of might {unknown}


   Skills:
 + Level 2.0 Fighting
 * Level 3.0 Long Blades
 - Level 1.7 Throwing
 + Level 2.8 Dodging


You had one spell level left.
You didn't know any spells.
Your spell library was empty.

Dungeon Overview and Level Annotations

Branches:
Dungeon (1/15)


Innate Abilities, Weirdness & Mutations

You have an increased reservoir of magic. (+10% MP)
You shall have no god before yourself.
Your divine heritage dramatically boosts your attributes as you level up.


Message History

You hit the endoplasm.
The endoplasm is almost dead.
The endoplasm closely misses you.
You barely miss the endoplasm.
The endoplasm is almost dead.
The endoplasm freezes you.
You are frozen.
The endoplasm freezes you.
You are frozen.
You are too injured to fight recklessly!
You hit the endoplasm but do no damage.
The endoplasm is almost dead.
The endoplasm closely misses you.
You slash the endoplasm!
You kill the endoplasm!
You have reached level 2!
A rat comes into view.
The rat squeaks loudly.
An endoplasm comes into view.
The rat attacks as it pursues you! The rat bites you but does no damage.
The rat attacks as it pursues you! The rat misses you.
You hit the rat but do no damage. The rat closely misses you.
You slash the rat!
You kill the rat!
You hit the endoplasm but do no damage. The endoplasm freezes you.
You are frozen.
The endoplasm freezes you.
You are frozen.
You completely miss the endoplasm. The endoplasm freezes you.
You are frozen.
* * * LOW HITPOINT WARNING * * *
You completely miss the endoplasm.
The endoplasm hits you but does no damage.
You hit the endoplasm.
The endoplasm is severely wounded.
The endoplasm freezes you.
You are frozen.
You die...

#......#....≈._≈.......##.#†##..
#......#.....≈≈....#...##.#.....
#......#...........#............
#.......#.........#.######.##...
#................#.## #.# ...
#...).###.#.....#.## #.. ...
#.....###..#####..# #. ..
#...........J.....#####
#####.###.#.#@........#
#.......##.######.# #.###J#.##.#
####.# #.......##.# #....#
###.#.###### ###### ...#...
#.###.### #. ... # #J#


You could see an endoplasm.

Vanquished Creatures
  2 ball pythons (D:1)
  2 endoplasms (D:1)
  2 goblins (D:1)
  2 hobgoblins (D:1)
  A kobold (D:1)
  A rat (D:1)
10 creatures vanquished.

Notes
Turn   | Place    | Note
-------+----------+-------------------------------------------
     0 | D:1      | night the Demigod Gladiator began the quest for the Orb.
     0 | D:1      | Reached XP level 1. HP: 17/17 MP: 3/3
   104 | D:1      | Reached skill level 2 in Fighting
   104 | D:1      | Reached skill level 3 in Long Blades
   173 | D:1      | Reached XP level 2. HP: 9/24 MP: 4/4
   197 | D:1      | Frozen to death by an endoplasm

Illustrated notes

Levels and vault maps discovered:
D:1:      dpeg_arrival_morbid_curiosity, layout_basic,
          shapermc_ecumenical_altar_starsandcircs

Skill      XL: |  1 |
---------------+----+-----
Fighting       | 2 |  2.0
Long Blades    | 3 |  3.0
Throwing       | |  1.7
Dodging        | |  2.8

Action                     || total
---------------------------++-------
  Melee: Long sword        ||    25
   Stab: Sleeping          ||     1
 Armour: Leather armour    ||     6
  Dodge: Dodged            ||    11

Table legend: (Time is in decaauts)
 A = Elapsed time spent in this place.
 B = Non-inter-level travel time spent in this place.
 C = Inter-level travel time spent in this place.
 D = Time resting spent in this place.
 E = Time spent auto-exploring this place.
 F = Levels seen in this place.
 G = Mean time per level.
                   A        B        C        D        E       F      G
               +--------+--------+--------+--------+--------+-----+--------+
         Total |    202 |    202 |      0 |      0 |    124 |   1 |  202.0 |
       Dungeon |    202 |    202 |      0 |      0 |    124 |   1 |  202.0 |
               +--------+--------+--------+--------+--------+-----+--------+

Top non-repeatable levels by time:
     D:1: 202 daAuts
